Map: Ultralove

Players

ManlyManMeat

  • Race: Zerg Zerg
  • League: Master
  • Spawn Location: 1:00

SpaceMarine - Winner!

  • Race: Terran Terran
  • League: Master
  • Spawn Location: 7:00

VOD

Have the link to the VOD?

Description

Time

  • Played on: June 15, 2025, 2:08 p.m.
  • Length: 15:44
Show
View Real Time Build Order
Export as new Build Order

ManlyManMeat Zerg 

Build Orders: Hatch First 

Get SALT Encoding   

  12  0:09  Overlord  
  12  0:13  Drone  
  13  0:17  Drone  
  14  0:27  Drone  
  15  0:36  Drone  
  15  0:41  Drone  
  17  0:52  Hatchery  
  17  0:54  Drone  
  17  1:03  Drone  
  18  1:12  Spawning Pool  
  18  1:16  Extractor  
  18  1:17  Drone  
  17  1:25  Drone  
  18  1:36  Drone  
  19  1:46  Drone  
  20  1:59  Queen  
  22  2:04  Queen  
  22  2:05  Overlord  
  22  2:06  Drone  
  25  2:15  Zergling x4  
  27  2:21  Drone  
  28  2:31  Zergling x4  
  30  2:48  Drone x2  
  30  2:49  Queen, Drone  
  35  3:03  Drone  
  36  3:10  Lair  
  36  3:14  Evolution Chamber, Metabolic Boost  
  36  3:17  Hatchery  
  34  3:33  Queen  
  36  3:35  Overlord x2  
  36  3:57  Roach Warren  
  36  4:02  Zergling x8  
  36  4:03  Zergling x2  
  36  4:04  Drone x3  
  40  4:19  Zergling x8  
  44  4:27  Hydralisk Den  
  44  4:29  Roach Warren  
  42  4:35  Drone  
  42  4:36  Drone x2  
  45  4:45  Drone  
  45  4:46  Drone x3  
  49  4:55  Queen  
  51  5:00  Overlord  
  51  5:03  Overlord  
  51  5:14  Hydralisk x2  
  55  5:25  Queen  
  49  5:37  Zergling x12  
  55  5:45  Drone x3  
  58  6:05  Infestation Pit, Spore Crawler  
  58  6:06  Spore Crawler  
  58  6:08  Spore Crawler  
  58  6:09  Spore Crawler  
  58  6:10  Spore Crawler  
  52  6:11  Drone x9, Spore Crawler  
  60  6:27  Hydralisk x2  
  60  6:28  Hydralisk  
  52  6:47  Hydralisk x3  
  57  7:03  Spore Crawler  
  57  7:06  Extractor  
  57  7:08  Extractor  
  54  7:19  Drone x2  
  54  7:20  Drone  
  54  7:22  Drone x3, Spore Crawler x2  
  59  7:23  Drone x3  
  59  7:26  Extractor  
  59  7:28  Drone  
  59  7:29  Overlord, Drone x4  
  65  7:30  Overlord x2  
  65  7:55  Hive  
  65  8:10  Zergling x8  
  65  8:11  Zergling x4  
  65  8:12  Hatchery  
  70  8:49  Hydralisk  
  70  8:50  Hydralisk x6  
  70  8:54  Extractor  
  83  8:56  Extractor  
  83  8:59  Overlord x3  
  83  9:00  Drone x4  
  83  9:01  Drone  
  87  9:09  Hydralisk  
  87  9:11  Zergling x2  
  87  9:13  Overlord x3  
  88  9:25  Zerg Missile Weapons Level 1  
  88  9:28  Drone  
  88  9:29  Drone x3  
  90  9:50  Spire  
  89  9:58  Drone x3  
  89  9:59  Drone x3  
  95  10:08  Hydralisk x4  
  95  10:13  Zergling x26  
  114  10:26  Hydralisk x3  
  114  10:27  Hydralisk x2  
  121  10:30  Extractor  
  121  10:32  Extractor  
  119  10:40  Zergling x2  
  119  10:41  Zergling x12  
  126  10:48  Drone x5  
  126  10:49  Drone x3  
  129  11:05  Viper x2  
  129  11:07  Overlord  
  129  11:08  Overlord x2  
  129  11:09  Overlord x2  
  129  11:10  Drone  
  130  11:40  Zerg Flyer Weapons Level 1  
  127  11:51  Queen  
  127  11:53  Queen  
  131  11:59  Adrenal Glands  
  131  12:01  Ultralisk Cavern x2, Zerg Melee Weapons Level 1  
  130  12:04  Evolution Chamber  
  130  12:05  Drone x4  
  130  12:06  Evolution Chamber, Drone x7  
  124  12:49  Corruptor x11  
  124  12:50  Corruptor x2  
  150  13:09  Queen  
  152  13:13  Chitinous Plating  
  152  13:14  Anabolic Synthesis  
  152  13:16  Zerg Ground Armor Level 1  
  152  13:19  Zerg Missile Weapons Level 2  
  152  13:33  Infestor x2  
  156  13:35  Zergling x16  
  156  13:36  Zergling x24  
  156  13:37  Overlord x5  
  156  13:40  Overseer x2  
  174  14:08  Roach x8  
  174  14:09  Roach x5  
  191  14:20  Queen  
  151  14:25  Ultralisk x2  
  159  14:35  Zergling x14  
  159  14:36  Zergling x14  
  159  14:37  Zergling x2  
  167  14:51  Hydralisk x4  
  167  14:52  Hydralisk x3  
  157  15:23  Zergling x26  
Show
View Real Time Build Order
Export as new Build Order

SpaceMarine Terran - Winner!

Build Orders: Mech 

Get SALT Encoding   

  12  0:00  SCV  
  13  0:12  SCV  
  14  0:17  Supply Depot  
  14  0:24  SCV  
  15  0:38  SCV  
  15  0:40  Barracks  
  16  0:45  Refinery  
  16  0:51  SCV  
  17  1:03  SCV  
  18  1:15  SCV  
  19  1:27  SCV  
  21  1:32  Reaper  
  21  1:39  Orbital Command  
  21  1:51  Command Center  
  21  2:04  Marine  
  22  2:10  Factory  
  22  2:16  Supply Depot  
  22  2:23  SCV  
  22  2:27  Refinery  
  23  2:37  SCV  
  24  2:46  Barracks Reactor  
  24  2:49  SCV  
  25  3:04  Orbital Command  
  24  3:06  SCV  
  25  3:13  Starport  
  25  3:18  SCV  
  26  3:29  Hellion x2  
  26  3:30  SCV  
  26  3:31  Barracks Tech Lab  
  26  3:32  SCV  
  32  3:42  SCV  
  32  3:44  SCV  
  33  3:50  Hellion x2  
  37  4:06  SCV x2  
  39  4:11  Viking  
  39  4:12  Hellion x2  
  39  4:17  Fusion Core  
  45  4:18  SCV  
  46  4:34  Barracks Tech Lab  
  46  4:41  Supply Depot  
  46  4:42  Supply Depot x2  
  46  4:45  SCV  
  47  4:47  Hellion x2  
  51  4:57  SCV, Refinery  
  52  5:05  SCV  
  53  5:08  Battlecruiser  
  53  5:09  SCV  
  60  5:20  Command Center  
  60  5:23  Supply Depot  
  60  5:24  Supply Depot, Hellion  
  62  5:29  Armory  
  56  5:50  Hellion x2  
  56  5:55  Refinery  
  60  6:00  Barracks Tech Lab  
  60  6:01  Factory  
  60  6:13  SCV x2  
  62  6:25  SCV x2  
  64  6:37  SCV x2  
  60  6:49  SCV x2  
  60  6:53  Hellion x2, Infernal Pre-Igniter  
  62  6:54  Siege Tank  
  62  6:56  Orbital Command  
  62  6:59  Supply Depot  
  65  7:01  SCV  
  65  7:02  Battlecruiser  
  72  7:14  Weapon Refit  
  72  7:16  SCV x2, Orbital Command  
  74  7:26  Siege Tank  
  74  7:28  SCV x2  
  79  7:34  Factory  
  79  7:36  Terran Vehicle Weapons Level 1  
  79  7:40  SCV x2, Supply Depot  
  81  7:52  SCV  
  82  7:58  Siege Tank  
  85  8:06  Command Center  
  85  8:08  Refinery  
  85  8:09  Refinery  
  79  8:14  Battlecruiser  
  85  8:28  SCV x2  
  85  8:32  SCV  
  88  8:40  SCV x2  
  90  8:44  SCV  
  91  8:52  SCV x2  
  93  8:56  Hellion x2  
  93  8:57  Command Center  
  93  8:58  Siege Tank x2  
  93  9:00  Factory  
  102  9:17  Hellion  
  102  9:22  Engineering Bay  
  104  9:30  Siege Tank x2  
  104  9:31  SCV x3  
  113  9:40  Command Center  
  113  9:43  SCV x3  
  116  9:49  Factory  
  116  9:51  Factory  
  116  9:52  Factory  
  116  9:54  Factory  
  116  9:55  SCV x2  
  118  10:02  Siege Tank  
  118  10:03  Siege Tank  
  124  10:25  SCV x3  
  125  10:30  Planetary Fortress  
  125  10:48  Factory Tech Lab, Siege Tank x2  
  131  10:51  Factory Tech Lab x3  
  131  10:52  Factory Tech Lab  
  131  10:54  Terran Vehicle Weapons Level 2  
  131  10:58  Armory  
  130  11:06  Planetary Fortress  
  130  11:15  Supply Depot x2  
  130  11:20  Siege Tank  
  130  11:21  Supply Depot  
  133  11:30  Refinery  
  133  11:35  Refinery  
  129  11:49  Thor x4  
  153  11:57  SCV x4  
  153  12:00  Command Center  
  157  12:06  Hellion x4  
  157  12:07  Hellion  
  167  12:09  SCV x3  
  167  12:12  Hi-Sec Auto Tracking  
  170  12:27  Hellion x2  
  170  12:28  Hellion  
  175  12:58  SCV x3  
  175  12:59  SCV  
  178  13:07  Command Center  
  178  13:09  Neosteel Armor  
  178  13:10  Supply Depot, Siege Tank x3  
  178  13:11  Supply Depot x2  
  178  13:12  Siege Tank x3  
  196  13:15  Planetary Fortress  
  196  13:19  Missile Turret  
  196  13:20  Siege Tank  
  198  13:40  Missile Turret  
  184  14:27  Thor x2  
  196  14:52  Planetary Fortress  
  196  14:55  Refinery  
  196  14:58  Refinery  
Tags
 
Composition
Mech
Matchup
TvZ
Spawn Locations
Cross Positions
Add a new tag
Caveats
  • Supply blocks, unpowered buildings, or Contaminate may cause inaccurate times.
  • Supply counts are checked every 10 seconds.